AoeStats
← 啊超

Black Forest

503423397Analyzed
4v4 RM · 1mo ago on Aug 31, 2026· 46m 19s· 8 players
Game mode
Random Map
Map size
Large (8 player)
Population
200
Speed
Normal
Resources
Standard
Victory
Conquest
Starting age
Dark Age
Ending age
Imperial Age
RankedLock teamsTeams togetherTeam positionsShared explorationLock speedFull tech treeHidden civsTurbo modeCheats
Victory
Defeat
🇬🇧 Vikings · United Kingdom
1277
+14
🇨🇴 Byzantines · Colombia
1269
+14
🇰🇿 Armenians · Kazakhstan
1208
+17
🇰🇿 Turks · Kazakhstan
1168
+19
🇨🇳 Turks · China
1269
-18
🇨🇳 Jurchens · China
1237
-16
🇨🇳 Khmer · China
1227
-16
🇨🇳 Britons · China
1172
-13
蝴蝶
10:31 Feudal Age
16:09 Castle Age
14:35 Double-Bit Axe
14:34 Horse Collar
17:53 Wheelbarrow
18:17 Bow Saw
18:21 Heavy Plow
19:00 Stone Mining
19:30 Gold Mining
21:51 Hand Cart
21:32 Loom
LY
5:02 Loom
11:40 Feudal Age
15:51 Castle Age
14:58 Gold Mining
15:10 Double-Bit Axe
15:07 Horse Collar
17:59 Bow Saw
20:53 Heavy Plow
啊超
0:29 Loom
11:50 Feudal Age
Hakka
2:42 Loom
13:24 Feudal Age
13:28 Man-at-Arms
15:23 Scale Mail Armor
15:34 Forging
16:22 Arson
18:00 Horse Collar
19:34 Wheelbarrow
22:06 Double-Bit Axe
27:19 Castle Age
29:26 Fortified Wall
30:44 Siege Engineers
36:03 Bow Saw
Elfelo
3:33 Loom
12:15 Feudal Age
13:19 Double-Bit Axe
17:26 Horse Collar
19:57 Castle Age
21:13 Bow Saw
22:12 Husbandry
25:07 Heavy Plow
25:44 Wheelbarrow
26:59 Hand Cart
28:21 Fishing Lines
32:42 Imperial Age
30:46 Gillnets
30:51 Gold Mining
30:54 Stone Mining
32:38 Gold Shaft Mining
32:41 Stone Shaft Mining
32:50 Scale Barding Armor
32:55 Forging
33:44 Logistica
33:55 Conscription
34:13 Chain Barding Armor
34:28 Elite Cataphract
35:48 Iron Casting
37:21 Plate Barding Armor
46:53 Crop Rotation
47:00 Ballistics
47:40 Chemistry
46:36 Murder Holes
46:52 Fortified Wall
47:18 Hoardings
47:49 Two-Man Saw
46:44 Fletching
King Hansonite III
1:24 Loom
17:05 Feudal Age
17:07 Man-at-Arms
26:43 Double-Bit Axe
32:36 Castle Age
31:07 Fletching
31:52 Horse Collar
37:25 Imperial Age
35:07 Crossbowman
37:32 Onager
38:32 Gold Mining
Element
11:09 Feudal Age
15:17 Castle Age
29:42 Horse Collar
35:11 Imperial Age
35:08 Double-Bit Axe
37:31 Gold Mining
40:43 Gold Shaft Mining
45:48 Wheelbarrow
45:41 Spies/Treason
AlibekYes
11:19 Feudal Age
11:33 Man-at-Arms
12:13 Arson
12:15 Long Swordsman
15:16 Scale Mail Armor
17:45 Double-Bit Axe
22:34 Forging
34:29 Castle Age
35:34 Two-Handed Swordsman
39:35 Iron Casting
39:16 Chain Mail Armor
42:35 Squires
Connection lost

Rejoining the realm…

Still unreachable

The connection could not be restored.

Session expired

The server has moved on; the page needs a fresh start.